 Dungeon Sprint DCSS version bcrawl-1.27.1d (webtiles) character file.

Game seed: 2844473427490410597

363270 Freyura the Basher (level 5, -7/52 HPs)
             Began as a Sand Dwarf Skald on July 16, 2020.
             Was an Initiate of Makhleb.
             Mangled by a komodo dragon (21 damage)
             ... in the Dungeon (Sprint IX: "|||||||||||||||||||||||||||||").
             The game lasted 00:03:20 (370 turns).

Freyura the Basher (Sand Dwarf Skald)                Turns: 370, Time: 00:03:21

Health: -7/52      AC: 14    Str: 18    XL:     5   Next: 35%
Magic:  9/11       EV: 10    Int: 14    God:    Makhleb [......]
Gold:   0          SH:  2    Dex: 11    Spells: 9/12 levels left

rFire    . . .     SeeInvis .   a - +0 mace
rCold    . . .     Gourm    .   (shield restricted)
rNeg     . . .     Faith    .   q - +0 plate armour
rPois    .         Spirit   .   (no helmet)
rElec    .         Reflect  .   (no cloak)
rCorr    .         Harm     .   p - +0 pair of gloves
MR       .....     NoTele   +   o - +0 pair of boots
Stlth    ..........             (no amulet)
HPRegen  0.17/turn              r - +2 ring of evasion
MPRegen  0.12/turn              s - +3 ring of strength

@: singing, very slightly contaminated, slow
A: small, slowness 1, armour attunement
a: Renounce Religion


You were in the Dungeon.
You worshipped Makhleb.
Makhleb was noncommittal.
You were not hungry.

You visited 1 branch

Inventory:

Hand Weapons
 a - a +0 mace (weapon)
Armour
 o - a +0 pair of boots (worn)
 p - a +0 pair of gloves (worn)
 q - a +0 plate armour (worn)
Jewellery
 r - a +2 ring of evasion (left hand)
 s - a +3 ring of strength (right hand)
Wands
 n - a wand of acid (10)
Scrolls
 d - a scroll of fear
 k - 2 scrolls of blinking
 l - 3 scrolls of remove curse
 m - 2 scrolls of amnesia
Potions
 f - 5 potions of curing
 g - a potion of invisibility
 h - a potion of haste
 i - 4 potions of magic
 j - 2 potions of heal wounds
Comestibles
 e - a ration {!d}


   Skills:
 * Level 7.0 Fighting
 * Level 8.4 Maces & Flails
 + Level 4.6 Armour
 - Level 1.5 Dodging
 + Level 4.0 Spellcasting
 + Level 5.0 Charms
 + Level 0.0 Invocations


You had 9 spell levels left.
You knew the following spells:

 Your Spells              Type           Power        Failure   Level  Hunger
a - Infusion              Chrm           ###.....     2%          1    None
b - Song of Slaying       Chrm           ###.....     3%          2    None

Your spell library contained the following spells:

 Spells                   Type           Power        Failure   Level  Hunger
 Ozocubu's Armour         Chrm/Ice       #.......     21%         3    ###....
 Regeneration             Chrm/Necr      #.........   21%         3    ###....
 Spectral Weapon          Hex/Chrm       #.......     21%         3    ###....


Dungeon Overview and Level Annotations

Branches:
Dungeon (1/1)

Altars:
Cheibriados
Dithmenos
Elyvilon
Fedhas
Gozag
Hepliaklqana
Kikubaaqudgha
Lugonu
Makhleb
Nemelex Xobeh
Okawaru
Qazlal
Ru
Sif Muna
Trog
Uskayaw
Vehumet
Wu Jian
Xom
Yredelemnul
Zin
The Shining One
Beogh
Jiyva


Innate Abilities, Weirdness & Mutations

You are small and have problems with some larger weapons.
You cover ground slowly.
Armour does not affect your spellcasting.


Message History

You hit the komodo dragon.
The komodo dragon is lightly wounded.
The komodo dragon bites you!!
You closely miss the komodo dragon.
The komodo dragon is lightly wounded.
The komodo dragon bites you but does no damage.
Your plate armour prevents you from hitting the komodo dragon.
The komodo dragon is lightly wounded.
The komodo dragon bites you but does no damage.
You barely miss the komodo dragon.
The komodo dragon is lightly wounded.
The komodo dragon bites you!!
* * * LOW HITPOINT WARNING * * *
You barely miss the komodo dragon.
The komodo dragon is lightly wounded.
The komodo dragon bites you but does no damage.
You hit the komodo dragon.
The komodo dragon is moderately wounded.
The komodo dragon bites you!!
You die... ▓▓▓▓▓▓▓▓▓▓▓▓▓▓▓▓▓▓▓▓▓▓▓▓ _______'..|)...[@lTcZZZ. ▓▓▓▓▓▓▓▓▓▓▓▓▓▓▓▓▓▓▓▓▓▓▓▓

You could see a komodo dragon, a troll, a centaur, a bat zombie, a bat skeleton and a quokka skeleton.

Vanquished Creatures
  A scorpion (D)
  3 hounds (D)
  An adder (D)
  A dart slug (D)
  A hobgoblin (D)
  A goblin (D)
  2 kobolds (D)
10 creatures vanquished.

Notes
Turn   | Place    | Note
-------+----------+-------------------------------------------
     0 | D        | Freyura the Sand Dwarf Skald began the quest for the Orb.
     0 | D        | Reached XP level 1. HP: 18/18 MP: 3/3
    16 | D        | Reached skill level 4 in Maces & Flails
   107 | D        | Noticed a hound
   107 | D        | Noticed a scorpion
   107 | D        | Noticed a hound
   107 | D        | Noticed a hound
   124 | D        | Killed a hound
   124 | D        | Reached skill level 5 in Maces & Flails
   124 | D        | Reached XP level 2. HP: 19/28 MP: 3/5
   124 | D        | Reached XP level 3. HP: 23/34 MP: 4/7
   128 | D        | Killed a scorpion
   128 | D        | Reached skill level 5 in Fighting
   128 | D        | Reached skill level 7 in Maces & Flails
   128 | D        | Reached XP level 4. HP: 28/44 MP: 5/9
   131 | D        | Reached XP level 5. HP: 27/51 MP: 5/10
   138 | D        | Reached skill level 8 in Maces & Flails
   144 | D        | Reached skill level 5 in Charms
   288 | D        | Found a roughly hewn altar of Beogh.
   288 | D        | Found a snail-covered altar of Cheibriados.
   288 | D        | Found a shadowy altar of Dithmenos.
   288 | D        | Found a white marble altar of Elyvilon.
   288 | D        | Found a blossoming altar of Fedhas.
   288 | D        | Found an opulent altar of Gozag.
   289 | D        | Found a hazy altar of Hepliaklqana.
   290 | D        | Found a viscous altar of Jiyva.
   291 | D        | Found an ancient bone altar of Kikubaaqudgha.
   292 | D        | Found a corrupted altar of Lugonu.
   293 | D        | Found a burning altar of Makhleb.
   294 | D        | Found a sparkling altar of Nemelex Xobeh.
   295 | D        | Found an iron altar of Okawaru.
   296 | D        | Found a stormy altar of Qazlal.
   297 | D        | Found a sacrificial altar of Ru.
   298 | D        | Found a shimmering blue altar of Sif Muna.
   299 | D        | Found a bloodstained altar of Trog.
   300 | D        | Found a hide-covered altar of Uskayaw.
   301 | D        | Became a worshipper of Makhleb the Destroyer
   302 | D        | Found a radiant altar of Vehumet.
   303 | D        | Found an ornate altar of the Wu Jian Council.
   304 | D        | Found a shimmering altar of Xom.
   305 | D        | Found a basalt altar of Yredelemnul.
   306 | D        | Found a glowing silver altar of Zin.
   307 | D        | Found a glowing golden altar of the Shining One.
   324 | D        | Found the +12 glaive of Prune {chop, lignify}
   362 | D        | Learned a level 2 spell: Song of Slaying
   364 | D        | Noticed a komodo dragon
   364 | D        | Noticed a troll
   364 | D        | Noticed a centaur
   370 | D        | Mangled by a komodo dragon

Skill      XL: |  1  2  3  4  5 |
---------------+----------------+-----
Fighting       | 4 5 6 7 |  7.0
Maces & Flails | 5 7 8 |  8.4
Armour         | 2 3 4 |  4.6
Spellcasting   | 3 4 |  4.0
Charms         | 4 5 |  5.0
Dodging        | |  1.5

Action                   |  1- 3 |  4- 6 || total
-------------------------+-------+-------++-------
Melee: Mace              |    33 |    22 ||    55
 Cast: Song of Slaying   |       |     1 ||     1
  Use: Potion            |     2 |       ||     2
Armor: Leather armour    |     5 |     4 ||     9
       Plate armour      |       |     3 ||     3
Dodge: Dodged            |    17 |    14 ||    31
